 Seeded DCSS version 0.29-a0-344-ge2f44be95a (webtiles) character file.

Game seed: 1450950038153131384 (custom seed)

535 zeratav the Arsonist (level 7, -4/41 HPs)
             Began as an Octopode Fire Elementalist on Apr 21, 2022.
             Slain by Duvessa
             ... wielding a +0 short sword
              (20 damage)
             ... on level 4 of the Dungeon.
             The game lasted 00:06:38 (4433 turns).

zeratav the Arsonist (Octopode Fire Elementalist)   Turns: 4433, Time: 00:06:38

Health: -4/41      AC:  1    Str:  7    XL:     7   Next: 25%
Magic:  8/10       EV: 13    Int: 15    God:
Gold:   147        SH:  0    Dex: 18    Spells: 7/10 levels left

rFire   . . .      SeeInvis .   m - +10 hunting sling of Nunluomy {venom, *Slow rPois rC+++ Int-5, sling}
rCold   + + +      Faith    .   (no shield)
rNeg    . . .      Spirit   .   (helmet restricted)
rPois   +          Reflect  .   (no amulet)
rElec   .          Harm     .   b - +6 ring of dexterity
rCorr   .          Rampage  .   p - ring of protection from cold
Will    .....                   (no ring)
Stlth   +++.......              (no ring)
HPRegen 0.13/turn               (no ring)
MPRegen 0.12/turn               (no ring)
                                (no ring)
                                (no ring)

@: no status effects
A: almost no armour, amphibious, 8 rings, camouflage 1, gelatinous body 1,
(nimble swimmer 1), tentacles
a: no special abilities


You were on level 4 of the Dungeon.
You visited 1 branch of the dungeon, and saw 4 of its levels.

You collected 147 gold pieces.


Innate Abilities, Weirdness & Mutations

You cannot wear most types of armour.
You are amphibious.
You can wear up to eight rings at the same time.
Your skin changes colour to match your surroundings (Stealth+).
Your rubbery body absorbs attacks. (AC +1, EV +1)
((You are camouflaged when in or above water. (Stealth+)))
You have tentacles for arms and can constrict up to eight enemies at once.


   Skills:
 - Level 2.0 Dodging
 - Level 2.6 Stealth
 - Level 2.0 Spellcasting
 - Level 1.0 Conjurations
 + Level 8.1 Fire Magic


You had 7 spell levels left.
You knew the following spells:

 Your Spells              Type           Power      Damage    Failure   Level
a - Foxfire               Conj/Fire      60%        2x1d7     3%          1
b - Scorch                Fire           50%        2d8       1%          2

Your spell library contained the following spells:

 Spells                   Type           Power      Damage    Failure   Level
 Conjure Flame            Conj/Fire      15%        6-21      11%         3
 Inner Flame              Hex/Fire       13%        N/A       13%         3
 Summon Small Mammal      Summ           4%         N/A       22%         1
 Corpse Rot               Necr/Air       2%         N/A       32%         2
 Poisonous Vapours        Pois/Air       2%         N/A       32%         2
 Flame Wave               Conj/Fire      15%        2d6       34%         4
 Dazzling Flash           Conj/Hex       6%         N/A       47%         3
 Portal Projectile        Hex/Tloc       2%         N/A       54%         3
 Swiftness                Air            1%         N/A       54%         3
 Fireball                 Conj/Fire      7%         3d5       67%         5
 Agony                    Necr           1%         N/A       99%         5
 Blade Hands              Tmut           0%         N/A       99%         5
 Excruciating Wounds      Necr           0%         N/A       99%         5
 Silence                  Hex/Air        0%         N/A       99%         5
 Starburst                Conj/Fire      7%         6d4       99%         6
 Ignition                 Fire           12%        3d6       100%        8
 Chain Lightning          Conj/Air       1%         3d2       100%        9

Inventory:

Hand Weapons
 m - the +10 hunting sling of Nunluomy (weapon) {venom, *Slow rPois rC+++ Int-5, sling}
   (You found it on level 4 of the Dungeon)

   Any ammunition fired from it poisons the flesh of those it strikes.
   Int:       It affects your intelligence (-5).
   rC:        It renders you almost immune to cold.
   rPois:     It protects you from poison.
   *Slow:     It may slow you when you take damage.
 v - a +2 falchion of freezing {long}
   (You took it off an orc on level 3 of the Dungeon)
Armour
 u - a +0 buckler
   (You found it on level 3 of the Dungeon)
Jewellery
 b - a +6 ring of dexterity (left tentacle)
   (You found it on level 1 of the Dungeon)
 p - a ring of protection from cold (right tentacle)
   (You found it on level 2 of the Dungeon)
Scrolls
 c - 4 scrolls of teleportation {unknown}
 f - 3 scrolls of enchant armour {unknown}
 g - 4 scrolls of identify {unknown}
 j - a scroll of amnesia {unknown}
 q - 2 scrolls of fog {unknown}
 r - 2 scrolls of silence {unknown}
 w - 2 scrolls of fear {unknown}
 x - a scroll of holy word {unknown}
Potions
 a - a potion of magic
 d - 2 potions of berserk rage {unknown}
 e - 3 potions of haste {unknown}
 h - 2 potions of degeneration {unknown}
 i - a potion of flight {unknown}
 k - a potion of invisibility {unknown}
 l - a potion of attraction {unknown}
 n - a potion of might {unknown}
 o - 2 potions of cancellation {unknown}
 s - 2 potions of heal wounds {unknown}
 t - 5 potions of curing {unknown}

Dungeon Overview and Level Annotations

Branches:
Dungeon (4/15)
 Temple: D:4-7

Altars:

Annotations:
D:4 Duvessa

#.......... # .#... ...
#........ # .....###..
##...... ###
.g.......###......## #..
...........#.......## #..
..........##[###....####.
..............).......#..
##...............##......
......†e@..........#####.
.......##..........####..
.#.#...#.................
#...[................#
##.##....>.............
....#..................
........................
..###..#................
........................


You could see Duvessa (berserk, extremely poisoned) and a gnoll.


Message History

The endoplasm quivers.
You shoot a sling bullet. The sling bullet hits the endoplasm.
You kill the endoplasm!
No target in view!
An adder comes into view.
You shoot a sling bullet. The sling bullet hits the adder!
The adder is poisoned.
You shoot a sling bullet. The sling bullet hits the adder.
You kill the adder!
Found a stone staircase leading down.
x - a scroll labelled FUXOBI RASUNG An ogre comes into view.
It is wielding a +0 giant spiked club.
You shoot a sling bullet. The sling bullet hits the ogre!
The ogre is poisoned.
You shoot a sling bullet. The sling bullet hits the ogre!
The ogre looks as sick as possible!
You kill the ogre!
You have reached level 7!
HP[+5] MP[+1]
You now have 41 max hp (+5).
Your hp is fully restored (41).
Your mp is fully restored (10).
Things that are here:
a +0 giant spiked club {mace}; an ogre corpse You now have 147 gold pieces (gained 8).
A white imp comes into view.
You shoot a sling bullet.
The sling bullet closely misses the white imp.
You shoot a sling bullet.
The sling bullet closely misses the white imp.
You shoot a sling bullet.
The sling bullet closely misses the white imp.
The white imp hits you. The white imp freezes you. You resist.
The white imp barely misses you.
HP[-1]
You take 1 damage, and now have 40/41 hp.
You shoot a sling bullet. The sling bullet hits the white imp.
The white imp closely misses you.
You shoot a sling bullet.
The sling bullet closely misses the white imp.
The white imp gestures at you. The puff of frost hits you. You resist.
The white imp hits you. The white imp freezes you. You resist.
HP[-3]
You take 3 damage, and now have 37/41 hp.
You shoot a sling bullet. The sling bullet hits the white imp!
You kill the white imp!
HP[+1] Dowan, Brother of Duvessa comes into view.
He is wielding a +0 dagger.
You shoot a sling bullet.
The sling bullet completely misses Dowan.
You shoot a sling bullet. The sling bullet hits Dowan.
You shoot a sling bullet. The sling bullet misses Dowan.
Dowan says, "Magic and the sword, together, will defeat you."
You shoot a sling bullet. The sling bullet hits Dowan!
Dowan casts a spell.
Dowan blinks!
You shoot a sling bullet. The sling bullet hits Dowan!
Dowan is poisoned.
You kill Dowan!
You hear a distant scream of rage.
Your Fire Magic skill increases to level 8!
HP[+1]
You start resting.
Duvessa, Sister of Dowan comes into view.
She is wielding a +0 short sword.
You shoot a sling bullet. The sling bullet barely misses Duvessa.
Duvessa shouts!
Duvessa goes berserk!
You hear an angry hiss.
You shoot a sling bullet. The sling bullet hits Duvessa.
Duvessa is poisoned.
An adder comes into view.
You hear a shout!
You shoot a sling bullet. The sling bullet hits Duvessa!
Duvessa looks as sick as possible!
You hear a shout!
HP[+1] Duvessa attacks as you move away!
Duvessa hits you with a +0 short sword!!
Duvessa rages.
Duvessa barely misses you.
You hear a shout!
HP[-18]
You take 18 damage, and now have 22/41 hp.
MASSIVE DAMAGE!! (PAUSE)
You are too injured to fight recklessly!
Fire: m) +10 hunting sling of Nunluomy {venom, *Slow rPois rC+++ Int-5, sling}
Press: ? - help, Q - select action, (/) - cycle Shift-Dir - straight line, f/p - Duvessa
Aim: Duvessa, wielding a +0 short sword and wearing a +0 chain mail (heavily wounded, berserk, extremely poisoned, 77% to hit)
You shoot a sling bullet.
The sling bullet completely misses Duvessa.
The sling bullet misses the adder.
Duvessa closely misses you. Duvessa hits you with a +0 short sword.
* * * LOW HITPOINT WARNING * * *
A gnoll comes into view. It is wielding a +0 flail.
HP[-6]
You take 6 damage, and now have 16/41 hp.
Casting: Scorch (safe; 1% risk of failure)
Confirm with . or Enter, or press ? or * to list all spells.
Flames lash the adder.
You kill the adder!
Duvessa barely misses you.
Duvessa hits you with a +0 short sword!!
You die...

Skill      XL: |  1  2  3  4  5  6  7 |
---------------+----------------------+-----
Fire Magic     | 4 5 6 7 8 |  8.1
Dodging        | |  2.0
Stealth        | |  2.6
Spellcasting   | |  2.0
Conjurations   | |  1.0

Action                   |  1- 3 |  4- 6 |  7- 9 || total
-------------------------+-------+-------+-------++-------
Melee: Unarmed           |     4 |       |       ||     4
       Constrict         |     5 |    11 |       ||    16
       Tentacles         |     3 |     7 |       ||    10
       Short sword       |     4 |       |       ||     4
       Dagger            |     7 |    30 |       ||    37
       Falchion          |       |     2 |       ||     2
 Fire: Hunting sling     |       |    19 |    15 ||    34
 Cast: Foxfire           |     8 |       |       ||     8
       Scorch            |    25 |    46 |     1 ||    72
 Stab: Sleeping          |     3 |       |       ||     3
Armor: Skin              |       |     2 |       ||     2
Dodge: Dodged            |     6 |    25 |     5 ||    36

Levels and vault maps discovered:
D:1:      minmay_arrival_three_doors, layout_loops_corners
D:2:      cheibrodos_helix_gallery, layout_basic,
          nicolae_ecumenical_lake_church, kennysheep_nub
D:3:      layout_loops_corners, grunt_ministairs_9, minmay_misc_feat_rows,
          kennysheep_generic_room_9
D:4:      layout_cave_pools, serial_shops, shop_statue, uniq_duvessa

Notes
Turn   | Place    | Note
-------+----------+-------------------------------------------
     0 | D:1      | zeratav the Octopode Fire Elementalist began the quest for
                  | the Orb.
     0 | D:1      | Reached XP level 1. HP: 11/11 MP: 3/3
     0 | D:1      | magus.rc [v1.9.6]
   304 | D:1      | Reached XP level 2. HP: 17/17 MP: 0/5
   359 | D:1      | Learned a level 2 spell: Scorch
   677 | D:1      | You pick up a book of Fire and begin reading...
   677 | D:1      | You add the spells Fireball, Starburst and Ignition to your
                  | library.
   999 | D:1      | Reached skill level 4 in Fire Magic
  1090 | D:1      | Reached XP level 3. HP: 21/21 MP: 1/6
  1339 | D:1      | You pick up a book of Weapons and begin reading...
  1339 | D:1      | You add the spells Portal Projectile, Excruciating Wounds
                  | and Blade Hands to your library.
  1704 | D:2      | Reached XP level 4. HP: 27/27 MP: 0/7
  1871 | D:2      | Reached skill level 5 in Fire Magic
  2058 | D:2      | Found a faded altar of an unknown god.
  2364 | D:2      | Reached XP level 5. HP: 31/31 MP: 5/8
  2782 | D:3      | You pick up a book of the Senses and begin reading...
  2782 | D:3      | You add the spells Dazzling Flash, Agony and Silence to
                  | your library.
  2999 | D:3      | Reached skill level 6 in Fire Magic
  3385 | D:3      | HP: 6/31 [orc/+0 mace (7)]
  3386 | D:3      | HP: 1/31 [orc/+0 mace (5)]
  3779 | D:3      | Reached XP level 6. HP: 36/36 MP: 2/9
  4182 | D:4      | You add the spells Summon Small Mammal, Corpse Rot,
                  | Poisonous Vapours, Swiftness and Chain Lightning to your
                  | library.
  4182 | D:4      | Got the Guide on the Floating Entourage
  4260 | D:4      | Identified the +10 hunting sling of Nunluomy {venom, *Slow
                  | rPois rC+++ Int-5}
  4280 | D:4      | Noticed a black bear
  4288 | D:4      | Killed a black bear
  4289 | D:4      | Reached skill level 7 in Fire Magic
  4401 | D:4      | Reached XP level 7. HP: 41/41 MP: 10/10
  4419 | D:4      | Noticed Dowan
  4424 | D:4      | Killed Dowan
  4425 | D:4      | Reached skill level 8 in Fire Magic
  4427 | D:4      | Noticed Duvessa
  4433 | D:4      | Slain by Duvessa

Vanquished Creatures
  A black bear (D:4)
  An ogre (D:4)
  Dowan (D:4)
  A hound (D:4)
  An orc priest (D:3)
  An iguana (D:4)
  14 adders
  A white imp (D:4)
  2 worms
  2 dart slugs
  6 orcs (D:3)
  9 bats
  7 endoplasms
  5 giant cockroaches
  3 goblins
  4 hobgoblins
  8 jackals
  9 ball pythons
  5 frilled lizards
  10 kobolds
  3 rats
94 creatures vanquished.

Vanquished Creatures (others)
  11 foxfires (D:1)
11 creatures vanquished.

Grand Total: 105 creatures vanquished

Table legend:
 A = Non-vault XP
 B = Vault XP
 C = Vault XP percentage of total XP
 D = Non-vault monster count
 E = Vault monster count
 F = Vault count percentage of total count
                 A         B        C        D         E       F
            +---------+---------+-------+---------+---------+-------
      Total |     691 |      87 |  11.2 |      89 |       5 |   5.3
            +---------+---------+-------+---------+---------+-------
        D:1 |      41 |       0 |   0.0 |      23 |       0 |   0.0
        D:2 |     112 |      15 |  11.8 |      26 |       2 |   7.1
        D:3 |     157 |       3 |   1.9 |      27 |       2 |   6.9
        D:4 |     381 |      69 |  15.3 |      13 |       1 |   7.1
            +---------+---------+-------+---------+---------+-------

Illustrated notes

Table legend:
 A = Kills in this place as a percentage of kills in entire the game.
 B = Kills by you in this place as a percentage of kills by you in the entire game.
 C = Kills by friends in this place as a percentage of kills by friends in the entire game.
 D = Other kills in this place as a percentage of other kills in the entire game.
 E = Experience gained in this place as a percentage of experience gained in the entire game.
 F = Experience gained in this place divided by the number of levels of this place that you have seen.
                   A       B       C       D       E      F
               +-------+-------+-------+-------+-------+----------------------
         Total | 100.0 | 100.0 |   N/A |   N/A | 100.0 | 194.5
       Dungeon | 100.0 | 100.0 |   N/A |   N/A | 100.0 | 194.5
               +-------+-------+-------+-------+-------+----------------------

Table legend: (Time is in decaauts)
 A = Elapsed time spent in this place.
 B = Non-inter-level travel time spent in this place.
 C = Inter-level travel time spent in this place.
 D = Time resting spent in this place.
 E = Time spent auto-exploring this place.
 F = Levels seen in this place.
 G = Mean time per level.
                   A        B        C        D        E       F      G
               +--------+--------+--------+--------+--------+-----+--------+
         Total |   4448 |   4347 |    101 |    621 |   3215 |   4 | 1112.0 |
       Dungeon |   4448 |   4347 |    101 |    621 |   3215 |   4 | 1112.0 |
               +--------+--------+--------+--------+--------+-----+--------+

Top non-repeatable levels by time:
     D:3: 1733 daAuts
     D:1: 1412 daAuts
     D:2: 1059 daAuts
     D:4: 242 daAuts
